Map: Lightshade LE

Players

IHartWitches - Winner!

  • Race: Terran Terran
  • League: Master

Synastren

  • Race: Zerg Zerg
  • League: Diamond

VOD

Have the link to the VOD?

Description

Time

  • Played on: Sept. 1, 2021, 11:54 p.m.
  • Length: 10:10
Show
View Real Time Build Order
Export as new Build Order

IHartWitches Terran - Winner!

Build Orders: Reaper Expand 

Get SALT Encoding   

  12  0:00  SCV  
  13  0:12  SCV  
  14  0:16  Supply Depot  
  14  0:24  SCV  
  15  0:38  SCV  
  15  0:40  Barracks  
  16  0:45  Refinery  
  16  0:50  SCV  
  17  1:02  SCV  
  18  1:14  SCV  
  19  1:27  Reaper, Orbital Command  
  20  1:44  Command Center  
  20  1:53  SCV  
  21  1:59  Barracks  
  21  2:02  Barracks Reactor  
  21  2:05  SCV  
  22  2:12  Supply Depot  
  22  2:17  SCV  
  23  2:25  Factory  
  23  2:34  SCV  
  24  2:39  Refinery, Marine  
  24  2:40  Marine  
  26  2:46  Barracks Tech Lab, SCV  
  27  2:55  Orbital Command  
  27  2:58  SCV, Marine x2  
  30  3:04  Marine  
  31  3:06  Stimpack  
  31  3:14  SCV  
  31  3:15  Marine  
  31  3:16  Marine  
  34  3:20  Supply Depot  
  34  3:29  Starport  
  34  3:33  Factory Reactor  
  34  3:35  SCV  
  34  3:38  SCV  
  36  3:46  Marine x3  
  36  3:47  SCV  
  40  3:51  Supply Depot  
  40  3:54  Orbital Command  
  40  4:05  SCV  
  41  4:17  SCV, Marine x3  
  41  4:21  SCV  
  46  4:25  Supply Depot  
  46  4:26  Medivac x2  
  46  4:29  SCV  
  51  4:34  Barracks, Marine  
  51  4:35  SCV, Marine x2  
  55  4:41  Widow Mine, SCV  
  58  4:47  SCV  
  58  4:49  Combat Shield  
  58  4:52  Marine x3  
  59  4:53  SCV  
  59  4:54  Supply Depot  
  63  5:02  Medivac  
  63  5:05  SCV  
  63  5:06  Factory Tech Lab  
  66  5:08  SCV  
  66  5:17  SCV  
  66  5:19  Barracks, Marine x3  
  66  5:21  Barracks  
  70  5:25  Supply Depot  
  70  5:29  SCV  
  70  5:30  Barracks Tech Lab  
  70  5:31  Supply Depot, Barracks Reactor  
  70  5:33  Engineering Bay  
  70  5:34  SCV  
  72  5:36  Refinery  
  72  5:41  SCV  
  73  5:47  Marine x3  
  73  5:48  Siege Tank  
  73  5:49  Medivac  
  81  5:55  SCV  
  81  5:56  SCV  
  83  5:57  Refinery  
  83  6:05  Missile Turret x2  
  83  6:07  SCV  
  83  6:08  SCV  
  83  6:09  Barracks Reactor  
  83  6:10  Barracks Reactor  
  85  6:12  Missile Turret  
  85  6:15  Supply Depot  
  85  6:18  Marine x3  
  81  6:28  Marine x2  
  83  6:35  Marine x2  
  83  6:36  Marine  
  83  6:37  Terran Infantry Weapons Level 1  
  86  6:43  Siege Tank  
  86  6:45  SCV x2  
  86  6:46  Marine x2  
  93  6:54  Marine x3  
  93  6:55  Supply Depot, Marine  
  93  6:56  Supply Depot  
  93  6:57  SCV x2  
  99  7:11  Marine x3  
  102  7:16  Medivac x2, Marine  
  102  7:19  Supply Depot  
  106  7:47  Marine x3  
  106  7:48  Marine x5  
  114  7:58  Marine  
  92  8:04  Siege Tank  
  92  8:05  Marine x5  
  89  8:06  Marine  
  89  8:09  Marine  
  89  8:10  Command Center, Marine  
  89  8:11  Liberator x2  
  89  8:12  SCV  
  99  8:16  Marine  
  100  8:23  Marine x5  
  100  8:26  Marine  
  106  8:27  Marine  
  106  8:29  Marine  
  106  8:33  Marine  
  109  8:45  Marine x4  
  109  8:46  Marine x3  
  116  8:49  Supply Depot  
  116  9:02  Marine  
  116  9:03  Siege Tank, Marine x3  
  116  9:05  Marine x3  
  126  9:11  Supply Depot, Marine  
  114  9:37  Marine x6  
  114  9:38  Marine x3  
  112  9:39  Medivac  
Show
View Real Time Build Order
Export as new Build Order

Synastren Zerg 

Build Orders: Pool First, Muta Ling Bane 

Get SALT Encoding   

  12  0:00  Drone  
  13  0:12  Overlord  
  13  0:20  Drone  
  14  0:30  Drone  
  14  0:31  Drone  
  14  0:35  Drone  
  17  0:47  Spawning Pool  
  17  0:48  Drone  
  17  0:51  Extractor  
  16  0:57  Drone  
  17  1:17  Hatchery  
  16  1:20  Drone  
  17  1:34  Zergling x4  
  17  1:37  Queen  
  21  1:45  Overlord  
  21  1:53  Metabolic Boost  
  21  1:56  Drone  
  22  2:04  Drone  
  23  2:16  Queen  
  23  2:19  Drone  
  23  2:22  Drone  
  27  2:35  Drone x2, Queen  
  31  2:41  Overlord  
  31  2:51  Drone x2  
  31  2:53  Lair  
  33  3:02  Drone x2  
  35  3:11  Overlord  
  36  3:12  Drone  
  36  3:14  Queen  
  36  3:17  Drone  
  39  3:23  Drone  
  40  3:31  Spine Crawler  
  40  3:34  Overlord  
  38  3:35  Drone x3  
  41  3:48  Zergling x2  
  41  3:49  Zergling x8  
  46  3:56  Spire  
  46  3:58  Queen  
  47  4:09  Drone x5, Extractor  
  51  4:16  Spore Crawler  
  50  4:21  Extractor  
  50  4:22  Drone x2, Extractor  
  50  4:37  Overlord x2  
  50  4:42  Evolution Chamber  
  50  4:44  Evolution Chamber  
  48  4:49  Overlord  
  48  4:50  Zergling x6  
  51  5:15  Mutalisk x4  
  51  5:18  Mutalisk  
  61  5:34  Mutalisk  
  63  5:38  Drone x3  
  63  5:39  Hatchery  
  65  5:44  Drone x2  
  65  5:47  Zerg Melee Weapons Level 1  
  67  5:52  Baneling Nest  
  68  5:57  Drone x2  
  68  6:06  Zerg Ground Armor Level 1  
  68  6:09  Drone x3  
  71  6:12  Drone  
  72  6:32  Drone x2  
  70  6:38  Mutalisk  
  70  6:39  Mutalisk x2  
  76  6:53  Zergling x2  
  76  6:54  Zergling x10  
  82  6:56  Overlord x4  
  82  7:07  Centrifical Hooks  
  81  7:09  Overlord x3  
  81  7:14  Zergling x8  
  81  7:15  Zergling x2  
  86  7:17  Baneling x3  
  86  7:18  Baneling  
  86  7:28  Zergling x12  
  86  7:29  Baneling  
  92  7:30  Baneling  
  89  7:47  Zergling x20  
  81  8:02  Mutalisk  
  81  8:03  Mutalisk x3  
  86  8:07  Drone x3  
  86  8:09  Baneling x4  
  86  8:11  Drone  
  82  8:20  Baneling x4  
  82  8:21  Baneling x3  
  82  8:30  Overseer x3  
  82  8:31  Overseer x2  
  82  8:34  Drone x5  
  87  8:47  Spine Crawler, Zergling x2  
  87  8:48  Zergling x10  
  92  8:59  Pneumatized Carapace  
  92  9:05  Overseer x5  
  92  9:07  Mutalisk x3  
  92  9:09  Drone  
  99  9:20  Hatchery  
  99  9:21  Zergling x2  
  99  9:22  Zergling x16  
  95  9:34  Zergling x2  
  95  9:35  Zergling x6  
  73  9:50  Zergling x2  
  73  9:51  Zergling x12  
Tags
 
Add a new tag
Caveats
  • Supply blocks, unpowered buildings, or Contaminate may cause inaccurate times.
  • Supply counts are checked every 10 seconds.